Pittsburgh Penguins vs Anaheim Ducks
(R1)
Created - Friday, January 23, 2026 at 08:07
Goals
|
| Pittsburgh Penguins |
3 |
1 |
1 |
5 |
| Anaheim Ducks |
1 |
0 |
0 |
1 |
|
Shots
|
| Pittsburgh Penguins |
16 |
12 |
6 |
34 |
| Anaheim Ducks |
9 |
9 |
11 |
29 |
|
1st period
1. Anaheim Ducks , John Tavares 5 (Morgan Rielly 4, Nazem Kadri 7) at 0:27 (PP)
2. Pittsburgh Penguins , Ryan O'Reilly 4 (Gabriel Vilardi 5, Pavel Buchnevich 6) at 12:31
3. Pittsburgh Penguins , Sam Reinhart 2 (Mitchell Marner 5, Leon Draisaitl 2) at 18:50
4. Pittsburgh Penguins , Gabriel Vilardi 2 (Tage Thompson 6, Pavel Buchnevich 7) at 19:05
Penalties :
Mattias Ekholm (PIT) for Tripping (Minor) at 0:20
2nd period
5. Pittsburgh Penguins , Pavel Buchnevich 3 (Gabriel Vilardi 6, Brian Dumoulin 5) at 9:53
Penalties :
Mark Scheifele (ANH) for Roughing (Minor) at 11:46
3rd period
6. Pittsburgh Penguins , Gabriel Vilardi 3 (Pavel Buchnevich 8) at 17:56
Penalties :
Carson Soucy (PIT) for Slashing (Minor) at 2:27, Leon Draisaitl (PIT) for Tripping (Minor) at 6:51
Goalie Stats
John Gibson (PIT), 28 saves from 29 shots - (0.966), W, 2-3-0, 60:00 minutes
Linus Ullmark (ANH), 29 saves from 34 shots - (0.853), L, 5-2-1, 60:00 minutes
Players Stats for Pittsburgh Penguins
Player Name G A P +/- PIM S H SB GA TA FO MP PP MP PK MP
------------------------------------------------------------------------------------
Blake Coleman 0 0 0 1 0 2 4 0 0 0 0/1 14:13 0:00 0:46
Brian Dumoulin 0 1 1 2 0 0 0 0 0 1 0/0 20:21 1:08 2:13
Carson Soucy 0 0 0 1 2 1 0 2 0 0 0/0 14:41 0:00 0:00
Christian Dvorak 0 0 0 0 0 0 0 0 0 0 0/0 10:17 0:03 0:00
Erik Gudbranson 0 0 0 1 0 0 1 1 0 0 0/0 14:39 0:00 0:00
Erik Karlsson 0 0 0 2 0 1 1 0 0 1 0/0 25:00 0:51 1:52
Gabriel Vilardi 2 2 4 3 0 5 1 1 0 0 1/1 16:23 0:55 0:00
Jordan Eberle 0 0 0 1 0 3 0 0 0 1 0/0 13:08 0:00 0:00
Leon Draisaitl 0 1 1 1 2 5 1 1 0 0 12/22 17:35 1:04 1:02
Mattias Ekholm 0 0 0 2 2 1 1 0 0 1 0/0 20:20 1:08 2:13
Mitchell Marner 0 1 1 1 0 3 1 1 2 0 1/2 18:20 1:04 2:01
Pavel Buchnevich 1 3 4 3 0 5 2 0 0 0 0/0 16:36 0:55 0:13
Phillip Danault 0 0 0 0 0 2 0 1 1 0 1/2 9:50 0:00 0:00
Ryan O'Reilly 1 0 1 1 0 3 1 0 1 1 5/9 13:23 0:00 0:00
Sam Reinhart 1 0 1 1 0 1 3 0 0 1 1/3 17:49 1:01 2:04
Tage Thompson 0 1 1 3 0 2 1 0 2 0 8/13 18:27 0:55 2:04
Travis Sanheim 0 0 0 2 0 0 1 2 0 1 0/0 25:00 0:51 1:52
Zemgus Girgensons 0 0 0 0 0 0 1 0 0 0 0/0 9:50 0:00 0:00
Players Stats for Anaheim Ducks
Player Name G A P +/- PIM S H SB GA TA FO MP PP MP PK MP
------------------------------------------------------------------------------------
Alex Killorn 0 0 0 0 0 1 3 1 1 0 0/1 12:55 0:00 0:11
Brayden Schenn 0 0 0 0 0 4 0 0 2 0 0/1 15:31 1:56 0:51
Brenden Dillon 0 0 0 -2 0 0 0 1 1 0 0/0 17:47 0:35 0:41
Chandler Stephenson 0 0 0 -2 0 6 2 0 0 0 3/3 17:02 0:00 1:00
Esa Lindell 0 0 0 -3 0 0 0 2 0 1 0/0 20:21 0:00 1:18
Ivan Provorov 0 0 0 0 0 0 1 3 0 0 0/0 22:07 1:28 1:18
J.T. Compher 0 0 0 0 0 3 0 0 1 0 2/6 13:42 0:00 0:58
John Tavares 1 0 1 -3 0 4 3 0 0 0 6/15 18:45 2:09 0:10
Joshua Morrissey 0 0 0 0 0 1 1 1 1 1 0/0 20:10 2:02 0:00
Luke Evangelista 0 0 0 0 0 1 1 0 0 0 0/0 8:44 0:00 0:00
Mark Scheifele 0 0 0 -2 2 2 1 1 1 0 10/18 17:57 1:56 0:00
Mason Marchment 0 0 0 -2 0 1 2 0 0 1 1/3 17:58 1:56 0:00
Morgan Rielly 0 1 1 -3 0 2 2 3 0 0 0/0 20:43 2:39 0:00
Nazem Kadri 0 1 1 -3 0 2 2 0 0 0 2/4 19:23 2:09 0:48
Parker Kelly 0 0 0 0 0 0 1 1 0 1 0/2 8:44 0:00 0:00
Philip Broberg 0 0 0 -2 0 0 0 0 0 2 0/0 18:52 1:26 0:41
Will Cuylle 0 0 0 0 0 1 1 0 0 0 0/0 8:44 0:00 0:00
William Nylander 0 0 0 -3 0 1 0 1 0 0 0/0 18:35 2:09 0:00
3 Stars
1 - Gabriel Vilardi (PIT)
2 - Pavel Buchnevich (PIT)
3 - John Gibson (PIT)
Power Play
Pittsburgh Penguins - 0 on 1 Attempt(s) - 0.00%
Anaheim Ducks - 1 on 3 Attempt(s) - 33.33%
Penalty Kill
Pittsburgh Penguins - 2 on 3 Attempt(s) - 66.67%
- Score 0 goal in Penalty Kill
Anaheim Ducks - 1 on 1 Attempt(s) - 100.00%
- Score 0 goal in Penalty Kill
Team Stat
Pittsburgh Penguins - Hits : 19 - Faceoff Wins : 29 - Blocked Shots : 9 - Penalty Minutes : 6
Anaheim Ducks - Hits : 20 - Faceoff Wins : 24 - Blocked Shots : 14 - Penalty Minutes : 2
Official
Referees : Graham Skilliter and Francis Charron
Linesman : CJ Murray and Joseph Mahon
Game Notes
No Game Note
Finance
Level 1 -- Attendance: 4200 (70.00%) -- Ticket Income $420,000
Level 2 -- Attendance: 3950 (79.00%) -- Ticket Income $237,000
Level 3 -- Attendance: 2100 (70.00%) -- Ticket Income $96,600
Level 4 -- Attendance: 3524 (70.48%) -- Ticket Income $88,100
Luxury Box -- Attendance: 838 (83.80%) -- Ticket Income $167,600
Game was played at the Honda Center.
Total Attendance: 14612 (73.06%)
Total Ticket Income: $1,009,300
Other Income: $353,255
Total Income: $1,362,555
Pittsburgh Penguins
5 vs 5 Forward
Center Left Wing Right Wing Time % Phy DF OF
1 Leon Draisaitl Sam Reinhart Mitchell Marner 30 1 2 2
2 Tage Thompson Pavel Buchnevich Gabriel Vilardi 30 1 2 2
3 Ryan O'Reilly Blake Coleman Jordan Eberle 25 1 2 2
4 Phillip Danault Zemgus Girgensons Christian Dvorak 15 1 2 2
5 vs 5 Defense
Defense Defense Time % Phy DF OF
1 Travis Sanheim Erik Karlsson 30 1 2 2
2 Brian Dumoulin Mattias Ekholm 30 1 2 2
3 Carson Soucy Erik Gudbranson 25 1 2 2
4 Travis Sanheim Erik Karlsson 15 1 2 2
PowerPlay Forward
Center Left Wing Right Wing Time % Phy DF OF
1 Leon Draisaitl Sam Reinhart Mitchell Marner 50 1 2 2
2 Tage Thompson Pavel Buchnevich Gabriel Vilardi 50 1 2 2
PowerPlay Defense
Defense Defense Time % Phy DF OF
1 Travis Sanheim Erik Karlsson 50 1 2 2
2 Brian Dumoulin Mattias Ekholm 50 1 2 2
Penalty Kill 4 Players Forward
Center Wing Time % Phy DF OF
1 Mitchell Marner Leon Draisaitl 50 1 2 2
2 Sam Reinhart Tage Thompson 50 1 2 2
Penalty Kill 4 Players Defense
Defense Defense Time % Phy DF OF
1 Travis Sanheim Erik Karlsson 50 1 2 2
2 Brian Dumoulin Mattias Ekholm 50 1 2 2
Penalty Kill - 3 Players Forward
Forward Time % Phy DF OF
1 Mitchell Marner 50 1 2 2
2 Leon Draisaitl 50 1 2 2
Penalty Kill - 3 Players Defense
Defense Defense Time % Phy DF OF
1 Travis Sanheim Erik Karlsson 50 1 2 2
2 Brian Dumoulin Mattias Ekholm 50 1 2 2
4 vs 4 Forward
Center Wing Time % Phy DF OF
1 Mitchell Marner Leon Draisaitl 50 1 2 2
2 Sam Reinhart Tage Thompson 50 1 2 2
4 vs 4 Defense
Defense Defense Time % Phy DF OF
1 Travis Sanheim Erik Karlsson 50 1 2 2
2 Brian Dumoulin Mattias Ekholm 50 1 2 2
Last Minutes Offensive
Center Left Wing Right Wing Defense Defense
Leon Draisaitl Sam Reinhart Mitchell Marner Travis Sanheim Erik Karlsson
Last Minutes Defensive
Center Left Wing Right Wing Defense Defense
Leon Draisaitl Sam Reinhart Mitchell Marner Travis Sanheim Erik Karlsson
Goaltenders
Starting : John Gibson
Backup : Jordan Binnington
Extra Forwards
Normal : Christian Dvorak, Ryan O'Reilly, Blake Coleman - PP : Christian Dvorak, Ryan O'Reilly - PK : Blake Coleman
Extra Defensemen
Normal : Carson Soucy, Erik Gudbranson, Brian Dumoulin - PP : Carson Soucy - PK : Erik Gudbranson, Brian Dumoulin
Penalty Shots
Mitchell Marner, Leon Draisaitl, Sam Reinhart, Tage Thompson, Ryan O'Reilly
Scratches
None
Anaheim Ducks
5 vs 5 Forward
Center Left Wing Right Wing Time % Phy DF OF
1 John Tavares Nazem Kadri William Nylander 35 1 2 2
2 Mark Scheifele Chandler Stephenson Mason Marchment 35 1 2 2
3 J.T. Compher Alex Killorn Brayden Schenn 20 1 2 2
4 Parker Kelly Will Cuylle Luke Evangelista 10 1 1 3
5 vs 5 Defense
Defense Defense Time % Phy DF OF
1 Esa Lindell Morgan Rielly 37 1 2 2
2 Joshua Morrissey Ivan Provorov 33 1 2 2
3 Philip Broberg Brenden Dillon 30 1 2 2
4 Esa Lindell Ivan Provorov 0 1 2 2
PowerPlay Forward
Center Left Wing Right Wing Time % Phy DF OF
1 John Tavares Nazem Kadri William Nylander 50 1 0 4
2 Mark Scheifele Mason Marchment Brayden Schenn 50 1 0 4
PowerPlay Defense
Defense Defense Time % Phy DF OF
1 Joshua Morrissey Morgan Rielly 60 1 1 3
2 Ivan Provorov Philip Broberg 40 1 2 2
Penalty Kill 4 Players Forward
Center Wing Time % Phy DF OF
1 Chandler Stephenson J.T. Compher 60 1 3 1
2 Brayden Schenn Alex Killorn 40 1 3 1
Penalty Kill 4 Players Defense
Defense Defense Time % Phy DF OF
1 Esa Lindell Ivan Provorov 60 1 4 0
2 Brenden Dillon Philip Broberg 40 1 4 0
Penalty Kill - 3 Players Forward
Forward Time % Phy DF OF
1 Chandler Stephenson 55 1 4 0
2 J.T. Compher 45 1 4 0
Penalty Kill - 3 Players Defense
Defense Defense Time % Phy DF OF
1 Esa Lindell Ivan Provorov 60 1 4 0
2 Brenden Dillon Philip Broberg 40 1 4 0
4 vs 4 Forward
Center Wing Time % Phy DF OF
1 John Tavares William Nylander 50 1 1 3
2 Mark Scheifele Nazem Kadri 50 1 1 3
4 vs 4 Defense
Defense Defense Time % Phy DF OF
1 Esa Lindell Morgan Rielly 60 1 2 2
2 Brenden Dillon Ivan Provorov 40 1 2 2
Last Minutes Offensive
Center Left Wing Right Wing Defense Defense
John Tavares Nazem Kadri William Nylander Joshua Morrissey Morgan Rielly
Last Minutes Defensive
Center Left Wing Right Wing Defense Defense
Chandler Stephenson Alex Killorn J.T. Compher Ivan Provorov Esa Lindell
Goaltenders
Starting : Linus Ullmark
Backup : Alexandar Georgiev
Extra Forwards
Normal : William Nylander, John Tavares, Mark Scheifele - PP : William Nylander, Mark Scheifele - PK : Chandler Stephenson
Extra Defensemen
Normal : Esa Lindell, Ivan Provorov, Morgan Rielly - PP : Morgan Rielly - PK : Esa Lindell, Ivan Provorov
Penalty Shots
Chandler Stephenson, Mark Scheifele, Brayden Schenn, Alex Killorn, William Nylander
Scratches
None
% Time on Ice - Pittsburgh Penguins
Lines # - Real PCT - Wanted PCT - Time Play
Normal Forward
1 - 29% - 30% - 15:30
2 - 29% - 30% - 15:28
3 - 24% - 25% - 13:08
4 - 18% - 15% - 9:50
Normal Defense
1 - 29% - 30% - 15:48
2 - 32% - 30% - 17:00
3 - 27% - 25% - 14:39
4 - 12% - 15% - 6:29
PP Forward
1 - 54% - 50% - 1:04
2 - 46% - 50% - 0:55
PP Defense
1 - 43% - 50% - 0:51
2 - 57% - 50% - 1:08
PK Forward
1 - 49% - 50% - 2:01
2 - 51% - 50% - 2:04
PK Defense
1 - 46% - 50% - 1:52
2 - 54% - 50% - 2:13
PK3 Forward
1 - 0% - 50%
2 - 0% - 50%
PK3 Defense
1 - 0% - 50%
2 - 0% - 50%
44 Forward
1 - 0% - 50%
2 - 0% - 50%
44 Defense
1 - 0% - 50%
2 - 0% - 50%
Last Minute Offensive - 0:00
Last Minute Defensive - 0:00
Total
Forward - 60:00
Defense - 60:00
|
% Time on Ice - Anaheim Ducks
Lines # - Real PCT - Wanted PCT - Time Play
Normal Forward
1 - 30% - 35% - 16:26
2 - 30% - 35% - 16:02
3 - 24% - 20% - 12:44
4 - 16% - 10% - 8:44
Normal Defense
1 - 33% - 37% - 18:04
2 - 34% - 33% - 18:14
3 - 31% - 30% - 16:31
4 - 2% - 0% - 1:07
PP Forward
1 - 53% - 50% - 2:09
2 - 47% - 50% - 1:56
PP Defense
1 - 65% - 60% - 2:39
2 - 35% - 40% - 1:26
PK Forward
1 - 91% - 60% - 1:48
2 - 9% - 40% - 0:11
PK Defense
1 - 66% - 60% - 1:18
2 - 34% - 40% - 0:41
PK3 Forward
1 - 0% - 55%
2 - 0% - 45%
PK3 Defense
1 - 0% - 60%
2 - 0% - 40%
44 Forward
1 - 0% - 50%
2 - 0% - 50%
44 Defense
1 - 0% - 60%
2 - 0% - 40%
Last Minute Offensive - 0:00
Last Minute Defensive - 0:00
Total
Forward - 60:00
Defense - 60:00
|
Play-by-Play
1st period
0:01 of 1st period - Leon Draisaitl wins face-off versus John Tavares in neutral zone.
0:14 of 1st period - Slapshot by Mitchell Marner.
0:14 of 1st period - Stopped by Linus Ullmark without a rebound.
0:15 of 1st period - Mark Scheifele wins face-off versus Tage Thompson in Anaheim Ducks zone.
0:15 of 1st period - Mark Scheifele is hit by Pavel Buchnevich.
0:20 of 1st period - Minor Penalty to Mattias Ekholm for Tripping.
0:21 of 1st period - John Tavares wins face-off versus Mitchell Marner in Pittsburgh Penguins zone.
0:23 of 1st period - Snap shot by Nazem Kadri.
0:23 of 1st period - Stopped by John Gibson with a rebound.
0:25 of 1st period - Backhand shot by Morgan Rielly.
0:25 of 1st period - Shot Misses the Net.
0:27 of 1st period - Backhand shot by John Tavares.
0:27 of 1st period - Goal by John Tavares - Pittsburgh Penguins : 0 - Anaheim Ducks : 1.
0:28 of 1st period - Ryan O'Reilly wins face-off versus J.T. Compher in neutral zone.
0:33 of 1st period - Snap shot by Blake Coleman.
0:33 of 1st period - Stopped by Linus Ullmark with a rebound.
0:35 of 1st period - Wrist shot by Carson Soucy.
0:35 of 1st period - Shot Misses the Net.
1:54 of 1st period - Icing by Mattias Ekholm.
1:55 of 1st period - Sam Reinhart wins face-off versus Brayden Schenn in Pittsburgh Penguins zone.
2:29 of 1st period - Snap shot by Gabriel Vilardi.
2:29 of 1st period - Stopped by Linus Ullmark without a rebound.
2:30 of 1st period - Phillip Danault wins face-off versus John Tavares in Anaheim Ducks zone.
2:47 of 1st period - Snap shot by John Tavares.
2:47 of 1st period - Shot Blocked by Travis Sanheim.
3:33 of 1st period - Wrist shot by J.T. Compher.
3:33 of 1st period - Shot Misses the Net.
3:35 of 1st period - Slapshot by Morgan Rielly.
3:35 of 1st period - Stopped by John Gibson without a rebound.
3:36 of 1st period - John Tavares wins face-off versus Leon Draisaitl in Pittsburgh Penguins zone.
3:41 of 1st period - Snap shot by John Tavares.
3:41 of 1st period - Shot Blocked by Mitchell Marner.
4:03 of 1st period - Blake Coleman is hit by Morgan Rielly and loses puck.
4:10 of 1st period - Wrist shot by Mark Scheifele.
4:10 of 1st period - Stopped by John Gibson without a rebound.
4:11 of 1st period - Ryan O'Reilly wins face-off versus Mark Scheifele in Pittsburgh Penguins zone.
4:18 of 1st period - Brenden Dillon is hit by Blake Coleman and loses puck.
4:48 of 1st period - Snap shot by Nazem Kadri.
4:48 of 1st period - Shot Misses the Net.
4:54 of 1st period - Erik Karlsson is hit by John Tavares and loses puck.
5:34 of 1st period - Off-side.
5:35 of 1st period - Tage Thompson wins face-off versus Mark Scheifele in neutral zone.
5:39 of 1st period - Off-side.
5:40 of 1st period - Gabriel Vilardi wins face-off versus Mark Scheifele in neutral zone.
5:43 of 1st period - Snap shot by Tage Thompson.
5:43 of 1st period - Stopped by Linus Ullmark with a rebound.
5:45 of 1st period - Slapshot by Carson Soucy.
5:45 of 1st period - Shot Blocked by Morgan Rielly.
5:47 of 1st period - Slapshot by Erik Gudbranson.
5:47 of 1st period - Shot Blocked by Esa Lindell.
6:11 of 1st period - Wrist shot by Phillip Danault.
6:11 of 1st period - Stopped by Linus Ullmark with a rebound.
6:13 of 1st period - Snap shot by Christian Dvorak.
6:13 of 1st period - Shot Misses the Net.
6:49 of 1st period - Snap shot by Chandler Stephenson.
6:49 of 1st period - Shot Misses the Net.
7:07 of 1st period - Slapshot by Brayden Schenn.
7:07 of 1st period - Stopped by John Gibson with a rebound.
7:09 of 1st period - Wrist shot by Morgan Rielly.
7:09 of 1st period - Shot Blocked by Travis Sanheim.
7:23 of 1st period - Parker Kelly is hit by Travis Sanheim and loses puck.
7:45 of 1st period - William Nylander is hit by Erik Gudbranson and loses puck.
7:54 of 1st period - Snap shot by Jordan Eberle.
7:54 of 1st period - Stopped by Linus Ullmark without a rebound.
7:55 of 1st period - Tage Thompson wins face-off versus J.T. Compher in Anaheim Ducks zone.
8:32 of 1st period - Snap shot by Ryan O'Reilly.
8:32 of 1st period - Stopped by Linus Ullmark with a rebound.
8:48 of 1st period - Snap shot by Leon Draisaitl.
8:48 of 1st period - Stopped by Linus Ullmark with a rebound.
9:10 of 1st period - Slapshot by Brayden Schenn.
9:10 of 1st period - Stopped by John Gibson with a rebound.
9:41 of 1st period - Snap shot by Jordan Eberle.
9:41 of 1st period - Stopped by Linus Ullmark without a rebound.
9:42 of 1st period - Tage Thompson wins face-off versus John Tavares in Anaheim Ducks zone.
9:55 of 1st period - Snap shot by John Tavares.
9:55 of 1st period - Deflect By Gabriel Vilardi.
9:55 of 1st period - Shot Blocked by Carson Soucy.
9:55 of 1st period - Puck is out of play.
9:56 of 1st period - Leon Draisaitl wins face-off versus Mark Scheifele in Pittsburgh Penguins zone.
10:05 of 1st period - Snap shot by Leon Draisaitl.
10:05 of 1st period - Stopped by Linus Ullmark with a rebound.
11:15 of 1st period - Slapshot by Erik Karlsson.
11:15 of 1st period - Shot Blocked by Parker Kelly.
11:39 of 1st period - Wrist shot by Chandler Stephenson.
11:39 of 1st period - Deflect By Sam Reinhart.
11:39 of 1st period - Stopped by John Gibson without a rebound.
11:40 of 1st period - Nazem Kadri wins face-off versus Tage Thompson in Pittsburgh Penguins zone.
11:45 of 1st period - Snap shot by Nazem Kadri.
11:45 of 1st period - Shot Blocked by Carson Soucy.
12:31 of 1st period - Snap shot by Ryan O'Reilly.
12:31 of 1st period - Goal by Ryan O'Reilly - Pittsburgh Penguins : 1 - Anaheim Ducks : 1.
12:32 of 1st period - Chandler Stephenson wins face-off versus Ryan O'Reilly in neutral zone.
13:16 of 1st period - Snap shot by Ryan O'Reilly.
13:16 of 1st period - Stopped by Linus Ullmark with a rebound.
14:40 of 1st period - Icing by Philip Broberg.
14:41 of 1st period - Leon Draisaitl wins face-off versus Alex Killorn in Anaheim Ducks zone.
15:17 of 1st period - Snap shot by William Nylander.
15:17 of 1st period - Stopped by John Gibson with a rebound.
16:01 of 1st period - Will Cuylle is hit by Zemgus Girgensons and loses puck.
16:18 of 1st period - Snap shot by Mitchell Marner.
16:18 of 1st period - Stopped by Linus Ullmark without a rebound.
16:19 of 1st period - Leon Draisaitl wins face-off versus Mark Scheifele in Anaheim Ducks zone.
17:07 of 1st period - Erik Gudbranson is hit by Parker Kelly and loses puck.
17:12 of 1st period - Snap shot by Will Cuylle.
17:12 of 1st period - Stopped by John Gibson with a rebound.
17:14 of 1st period - Snap shot by Will Cuylle.
17:14 of 1st period - Shot Blocked by Phillip Danault.
17:31 of 1st period - Phillip Danault is hit by Luke Evangelista and loses puck.
18:20 of 1st period - Slapshot by Christian Dvorak.
18:20 of 1st period - Deflect By Phillip Danault.
18:20 of 1st period - Shot Blocked by Ivan Provorov.
18:20 of 1st period - Puck is out of play.
18:21 of 1st period - Leon Draisaitl wins face-off versus John Tavares in Anaheim Ducks zone.
18:28 of 1st period - Slapshot by Leon Draisaitl.
18:28 of 1st period - Stopped by Linus Ullmark without a rebound.
18:29 of 1st period - John Tavares wins face-off versus Leon Draisaitl in Anaheim Ducks zone.
18:34 of 1st period - Slapshot by Nazem Kadri.
18:34 of 1st period - Shot Misses the Net.
18:48 of 1st period - Snap shot by Mitchell Marner.
18:48 of 1st period - Shot Misses the Net.
18:50 of 1st period - Wrist shot by Sam Reinhart.
18:50 of 1st period - Goal by Sam Reinhart - Pittsburgh Penguins : 2 - Anaheim Ducks : 1.
18:51 of 1st period - Mark Scheifele wins face-off versus Tage Thompson in neutral zone.
18:54 of 1st period - Travis Sanheim is hit by Mason Marchment and loses puck.
19:03 of 1st period - Snap shot by Tage Thompson.
19:03 of 1st period - Shot Blocked by Mark Scheifele.
19:05 of 1st period - Snap shot by Gabriel Vilardi.
19:05 of 1st period - Goal by Gabriel Vilardi - Pittsburgh Penguins : 3 - Anaheim Ducks : 1.
19:06 of 1st period - Mark Scheifele wins face-off versus Sam Reinhart in neutral zone.
Goals for this period are 3 for Pittsburgh Penguins vs 1 for Anaheim Ducks.
Shots for this period are 16 for Pittsburgh Penguins vs 9 for Anaheim Ducks.
2nd period
0:01 of 2nd period - Leon Draisaitl wins face-off versus Mason Marchment in neutral zone.
0:04 of 2nd period - Philip Broberg is hit by Mattias Ekholm and loses puck.
0:15 of 2nd period - Brian Dumoulin is hit by Mason Marchment and loses puck.
0:35 of 2nd period - Snap shot by Alex Killorn.
0:35 of 2nd period - Shot Misses the Net.
0:37 of 2nd period - Wrist shot by J.T. Compher.
0:37 of 2nd period - Shot Misses the Net.
0:39 of 2nd period - Slapshot by J.T. Compher.
0:39 of 2nd period - Stopped by John Gibson with a rebound.
0:49 of 2nd period - Snap shot by Gabriel Vilardi.
0:49 of 2nd period - Stopped by Linus Ullmark with a rebound.
1:19 of 2nd period - Slapshot by Joshua Morrissey.
1:19 of 2nd period - Shot Misses the Net.
1:59 of 2nd period - Pavel Buchnevich is hit by Nazem Kadri and loses puck.
2:37 of 2nd period - Brenden Dillon is hit by Sam Reinhart and loses puck.
2:44 of 2nd period - Slapshot by Philip Broberg.
2:44 of 2nd period - Shot Misses the Net.
3:20 of 2nd period - Slapshot by John Tavares.
3:20 of 2nd period - Stopped by John Gibson with a rebound.
3:40 of 2nd period - Joshua Morrissey is hit by Blake Coleman and loses puck.
3:53 of 2nd period - Wrist shot by Chandler Stephenson.
3:53 of 2nd period - Stopped by John Gibson with a rebound.
4:01 of 2nd period - Slapshot by Chandler Stephenson.
4:01 of 2nd period - Deflect By Mason Marchment.
4:01 of 2nd period - Stopped by John Gibson with a rebound.
4:03 of 2nd period - Slapshot by Ivan Provorov.
4:03 of 2nd period - Shot Blocked by Leon Draisaitl.
4:05 of 2nd period - Slapshot by Mark Scheifele.
4:05 of 2nd period - Shot Misses the Net.
4:34 of 2nd period - Icing by Will Cuylle.
4:35 of 2nd period - Tage Thompson wins face-off versus J.T. Compher in Anaheim Ducks zone.
5:51 of 2nd period - Snap shot by Pavel Buchnevich.
5:51 of 2nd period - Deflect By Tage Thompson.
5:51 of 2nd period - Shot Misses the Net.
5:51 of 2nd period - Puck is out of play.
5:52 of 2nd period - Nazem Kadri wins face-off versus Leon Draisaitl in Anaheim Ducks zone.
6:05 of 2nd period - Snap shot by Nazem Kadri.
6:05 of 2nd period - Shot Misses the Net.
6:07 of 2nd period - Snap shot by John Tavares.
6:07 of 2nd period - Deflect By William Nylander.
6:07 of 2nd period - Shot Misses the Net.
6:07 of 2nd period - Puck is out of play.
6:08 of 2nd period - J.T. Compher wins face-off versus Tage Thompson in Pittsburgh Penguins zone.
6:25 of 2nd period - Off-side.
6:26 of 2nd period - Leon Draisaitl wins face-off versus John Tavares in neutral zone.
6:29 of 2nd period - William Nylander is hit by Mitchell Marner and loses puck.
6:38 of 2nd period - Snap shot by Nazem Kadri.
6:38 of 2nd period - Stopped by John Gibson with a rebound.
7:16 of 2nd period - Slapshot by Travis Sanheim.
7:16 of 2nd period - Shot Misses the Net.
7:18 of 2nd period - Slapshot by Erik Karlsson.
7:18 of 2nd period - Shot Misses the Net.
8:20 of 2nd period - Tage Thompson is hit by Ivan Provorov and loses puck.
8:25 of 2nd period - Wrist shot by Chandler Stephenson.
8:25 of 2nd period - Stopped by John Gibson with a rebound.
8:27 of 2nd period - Backhand shot by Chandler Stephenson.
8:27 of 2nd period - Deflect By Pavel Buchnevich.
8:27 of 2nd period - Shot Blocked by Gabriel Vilardi.
8:27 of 2nd period - Puck is out of play.
8:28 of 2nd period - Mark Scheifele wins face-off versus Ryan O'Reilly in Pittsburgh Penguins zone.
8:41 of 2nd period - Snap shot by Mark Scheifele.
8:41 of 2nd period - Shot Misses the Net.
8:43 of 2nd period - Snap shot by Mark Scheifele.
8:43 of 2nd period - Stopped by John Gibson without a rebound.
8:44 of 2nd period - Tage Thompson wins face-off versus John Tavares in Pittsburgh Penguins zone.
8:50 of 2nd period - Off-side.
8:51 of 2nd period - Tage Thompson wins face-off versus Nazem Kadri in neutral zone.
9:00 of 2nd period - Snap shot by Gabriel Vilardi.
9:00 of 2nd period - Shot Blocked by Morgan Rielly.
9:02 of 2nd period - Snap shot by Gabriel Vilardi.
9:02 of 2nd period - Stopped by Linus Ullmark with a rebound.
9:04 of 2nd period - Slapshot by Mattias Ekholm.
9:04 of 2nd period - Shot Blocked by William Nylander.
9:06 of 2nd period - Snap shot by Pavel Buchnevich.
9:06 of 2nd period - Shot Misses the Net.
9:08 of 2nd period - Wrist shot by Brian Dumoulin.
9:08 of 2nd period - Shot Misses the Net.
9:10 of 2nd period - Snap shot by Brian Dumoulin.
9:10 of 2nd period - Shot Blocked by Morgan Rielly.
9:12 of 2nd period - Wrist shot by Pavel Buchnevich.
9:12 of 2nd period - Stopped by Linus Ullmark with a rebound.
9:35 of 2nd period - Snap shot by Pavel Buchnevich.
9:35 of 2nd period - Deflect By Tage Thompson.
9:35 of 2nd period - Stopped by Linus Ullmark with a rebound.
9:39 of 2nd period - Snap shot by Gabriel Vilardi.
9:39 of 2nd period - Shot Misses the Net.
9:41 of 2nd period - Slapshot by Brian Dumoulin.
9:41 of 2nd period - Deflect By Pavel Buchnevich.
9:41 of 2nd period - Stopped by Linus Ullmark with a rebound.
9:43 of 2nd period - Snap shot by Pavel Buchnevich.
9:43 of 2nd period - Stopped by Linus Ullmark with a rebound.
9:53 of 2nd period - Snap shot by Pavel Buchnevich.
9:53 of 2nd period - Goal by Pavel Buchnevich - Pittsburgh Penguins : 4 - Anaheim Ducks : 1.
9:54 of 2nd period - Mark Scheifele wins face-off versus Leon Draisaitl in neutral zone.
10:09 of 2nd period - Snap shot by Erik Karlsson.
10:09 of 2nd period - Deflect By Mark Scheifele.
10:09 of 2nd period - Stopped by Linus Ullmark with a rebound.
10:11 of 2nd period - Snap shot by Leon Draisaitl.
10:11 of 2nd period - Stopped by Linus Ullmark without a rebound.
10:12 of 2nd period - J.T. Compher wins face-off versus Blake Coleman in Anaheim Ducks zone.
11:04 of 2nd period - Icing by Erik Gudbranson.
11:05 of 2nd period - Tage Thompson wins face-off versus Nazem Kadri in Pittsburgh Penguins zone.
11:05 of 2nd period - Tage Thompson is hit by John Tavares.
11:41 of 2nd period - Snap shot by Travis Sanheim.
11:41 of 2nd period - Shot Misses the Net.
11:43 of 2nd period - Snap shot by Pavel Buchnevich.
11:43 of 2nd period - Stopped by Linus Ullmark without a rebound.
11:44 of 2nd period - Mark Scheifele wins face-off versus Leon Draisaitl in Anaheim Ducks zone.
11:46 of 2nd period - Minor Penalty to Mark Scheifele for Roughing.
11:47 of 2nd period - Chandler Stephenson wins face-off versus Leon Draisaitl in Anaheim Ducks zone.
11:57 of 2nd period - Travis Sanheim is hit by Chandler Stephenson and loses puck.
13:29 of 2nd period - Leon Draisaitl is hit by John Tavares and loses puck.
13:46 of 2nd period - Penalty to Mark Scheifele is over, Mark Scheifele is back on ice.
14:30 of 2nd period - Wrist shot by Christian Dvorak.
14:30 of 2nd period - Shot Misses the Net.
14:32 of 2nd period - Slapshot by Carson Soucy.
14:32 of 2nd period - Stopped by Linus Ullmark with a rebound.
15:03 of 2nd period - Morgan Rielly is hit by Gabriel Vilardi and loses puck.
15:20 of 2nd period - Sam Reinhart is hit by Chandler Stephenson and loses puck.
15:33 of 2nd period - Mattias Ekholm is hit by Alex Killorn and loses puck.
15:50 of 2nd period - Snap shot by Christian Dvorak.
15:50 of 2nd period - Shot Blocked by Joshua Morrissey.
15:52 of 2nd period - Slapshot by Brian Dumoulin.
15:52 of 2nd period - Shot Blocked by Ivan Provorov.
15:54 of 2nd period - Slapshot by Mattias Ekholm.
15:54 of 2nd period - Deflect By Phillip Danault.
15:54 of 2nd period - Shot Misses the Net.
15:54 of 2nd period - Puck is out of play.
15:55 of 2nd period - Ryan O'Reilly wins face-off versus Parker Kelly in Anaheim Ducks zone.
15:58 of 2nd period - Slapshot by Ryan O'Reilly.
15:58 of 2nd period - Shot Blocked by Esa Lindell.
16:48 of 2nd period - Wrist shot by J.T. Compher.
16:48 of 2nd period - Stopped by John Gibson with a rebound.
17:01 of 2nd period - Off-side.
17:02 of 2nd period - Leon Draisaitl wins face-off versus John Tavares in neutral zone.
17:19 of 2nd period - Snap shot by John Tavares.
17:19 of 2nd period - Stopped by John Gibson with a rebound.
17:37 of 2nd period - Slapshot by Ryan O'Reilly.
17:37 of 2nd period - Shot Blocked by Brenden Dillon.
17:39 of 2nd period - Snap shot by Ryan O'Reilly.
17:39 of 2nd period - Shot Misses the Net.
18:45 of 2nd period - Wrist shot by Mattias Ekholm.
18:45 of 2nd period - Deflect By John Tavares.
18:45 of 2nd period - Stopped by Linus Ullmark with a rebound.
18:47 of 2nd period - Slapshot by Brian Dumoulin.
18:47 of 2nd period - Shot Misses the Net.
19:20 of 2nd period - Icing by Joshua Morrissey.
19:21 of 2nd period - Mason Marchment wins face-off versus Phillip Danault in Anaheim Ducks zone.
19:35 of 2nd period - Snap shot by Zemgus Girgensons.
19:35 of 2nd period - Shot Misses the Net.
Goals for this period are 1 for Pittsburgh Penguins vs 0 for Anaheim Ducks.
Shots for this period are 12 for Pittsburgh Penguins vs 9 for Anaheim Ducks.
3rd period
0:01 of 3rd period - Mark Scheifele wins face-off versus Leon Draisaitl in neutral zone.
0:31 of 3rd period - Slapshot by Alex Killorn.
0:31 of 3rd period - Stopped by John Gibson with a rebound.
1:59 of 3rd period - Backhand shot by J.T. Compher.
1:59 of 3rd period - Stopped by John Gibson with a rebound.
2:13 of 3rd period - William Nylander is hit by Tage Thompson and loses puck.
2:27 of 3rd period - Minor Penalty to Carson Soucy for Slashing.
2:28 of 3rd period - Mark Scheifele wins face-off versus Sam Reinhart in Pittsburgh Penguins zone.
3:51 of 3rd period - Morgan Rielly is hit by Sam Reinhart.
4:27 of 3rd period - Penalty to Carson Soucy is over, Carson Soucy is back on ice.
4:35 of 3rd period - Will Cuylle is hit by Blake Coleman and loses puck.
4:40 of 3rd period - Snap shot by Jordan Eberle.
4:40 of 3rd period - Stopped by Linus Ullmark without a rebound.
4:41 of 3rd period - Ryan O'Reilly wins face-off versus Parker Kelly in Anaheim Ducks zone.
4:46 of 3rd period - Slapshot by Ryan O'Reilly.
4:46 of 3rd period - Deflect By Blake Coleman.
4:46 of 3rd period - Stopped by Linus Ullmark with a rebound.
4:56 of 3rd period - Luke Evangelista is hit by Blake Coleman and loses puck.
5:15 of 3rd period - Wrist shot by Brian Dumoulin.
5:15 of 3rd period - Deflect By Phillip Danault.
5:15 of 3rd period - Stopped by Linus Ullmark with a rebound.
5:17 of 3rd period - Slapshot by Mattias Ekholm.
5:17 of 3rd period - Deflect By Phillip Danault.
5:17 of 3rd period - Shot Misses the Net.
5:17 of 3rd period - Puck is out of play.
5:18 of 3rd period - Leon Draisaitl wins face-off versus Mark Scheifele in Anaheim Ducks zone.
5:21 of 3rd period - Slapshot by Leon Draisaitl.
5:21 of 3rd period - Stopped by Linus Ullmark with a rebound.
5:56 of 3rd period - Slapshot by Tage Thompson.
5:56 of 3rd period - Shot Blocked by Ivan Provorov.
6:18 of 3rd period - Snap shot by J.T. Compher.
6:18 of 3rd period - Shot Blocked by Erik Gudbranson.
6:48 of 3rd period - Slapshot by Chandler Stephenson.
6:48 of 3rd period - Stopped by John Gibson without a rebound.
6:49 of 3rd period - Leon Draisaitl wins face-off versus Mark Scheifele in Pittsburgh Penguins zone.
6:51 of 3rd period - Minor Penalty to Leon Draisaitl for Tripping.
6:52 of 3rd period - Mitchell Marner wins face-off versus John Tavares in Pittsburgh Penguins zone.
7:47 of 3rd period - John Tavares is hit by Pavel Buchnevich and loses puck.
8:50 of 3rd period - Mitchell Marner is hit by Nazem Kadri and loses puck.
8:51 of 3rd period - Penalty to Leon Draisaitl is over, Leon Draisaitl is back on ice.
11:20 of 3rd period - Snap shot by Luke Evangelista.
11:20 of 3rd period - Stopped by John Gibson with a rebound.
11:34 of 3rd period - Wrist shot by Brayden Schenn.
11:34 of 3rd period - Stopped by John Gibson with a rebound.
11:39 of 3rd period - Off-side.
11:40 of 3rd period - John Tavares wins face-off versus Ryan O'Reilly in neutral zone.
11:40 of 3rd period - Nazem Kadri is hit by Ryan O'Reilly and loses puck.
12:29 of 3rd period - Travis Sanheim is hit by Alex Killorn and loses puck.
12:46 of 3rd period - Christian Dvorak is hit by Will Cuylle and loses puck.
13:05 of 3rd period - Blake Coleman is hit by Joshua Morrissey.
13:08 of 3rd period - Off-side.
13:09 of 3rd period - Chandler Stephenson wins face-off versus Leon Draisaitl in neutral zone.
13:12 of 3rd period - Wrist shot by Chandler Stephenson.
13:12 of 3rd period - Stopped by John Gibson with a rebound.
13:56 of 3rd period - Off-side.
13:57 of 3rd period - Ryan O'Reilly wins face-off versus J.T. Compher in neutral zone.
14:08 of 3rd period - Wrist shot by Jordan Eberle.
14:08 of 3rd period - Shot Blocked by Alex Killorn.
14:14 of 3rd period - Jordan Eberle is hit by Morgan Rielly and loses puck.
14:25 of 3rd period - Morgan Rielly is hit by Leon Draisaitl and loses puck.
14:34 of 3rd period - Snap shot by Mitchell Marner.
14:34 of 3rd period - Stopped by Linus Ullmark without a rebound.
14:35 of 3rd period - Tage Thompson wins face-off versus John Tavares in Anaheim Ducks zone.
15:54 of 3rd period - Snap shot by William Nylander.
15:54 of 3rd period - Shot Misses the Net.
15:56 of 3rd period - Wrist shot by Joshua Morrissey.
15:56 of 3rd period - Stopped by John Gibson with a rebound.
15:58 of 3rd period - Snap shot by John Tavares.
15:58 of 3rd period - Stopped by John Gibson without a rebound.
15:59 of 3rd period - Leon Draisaitl wins face-off versus Mark Scheifele in Pittsburgh Penguins zone.
16:26 of 3rd period - Erik Karlsson is hit by Alex Killorn and loses puck.
16:35 of 3rd period - Slapshot by Brayden Schenn.
16:35 of 3rd period - Stopped by John Gibson without a rebound.
16:36 of 3rd period - Mark Scheifele wins face-off versus Leon Draisaitl in Pittsburgh Penguins zone.
16:41 of 3rd period - Slapshot by Chandler Stephenson.
16:41 of 3rd period - Stopped by John Gibson without a rebound.
16:42 of 3rd period - Leon Draisaitl wins face-off versus Mason Marchment in Pittsburgh Penguins zone.
17:33 of 3rd period - Ivan Provorov is hit by Erik Karlsson and loses puck.
17:56 of 3rd period - Slapshot by Gabriel Vilardi.
17:56 of 3rd period - Goal by Gabriel Vilardi - Pittsburgh Penguins : 5 - Anaheim Ducks : 1.
17:57 of 3rd period - Mark Scheifele wins face-off versus Leon Draisaitl in neutral zone.
18:12 of 3rd period - Slapshot by Chandler Stephenson.
18:12 of 3rd period - Shot Misses the Net.
18:14 of 3rd period - Snap shot by Morgan Rielly.
18:14 of 3rd period - Stopped by John Gibson without a rebound.
18:15 of 3rd period - John Tavares wins face-off versus Tage Thompson in Pittsburgh Penguins zone.
19:10 of 3rd period - Off-side.
19:11 of 3rd period - John Tavares wins face-off versus Ryan O'Reilly in neutral zone.
19:14 of 3rd period - Snap shot by Morgan Rielly.
19:14 of 3rd period - Shot Misses the Net.
19:38 of 3rd period - Chandler Stephenson is hit by Sam Reinhart and loses puck.
19:52 of 3rd period - Sam Reinhart is hit by Mark Scheifele and loses puck.
Goals for this period are 1 for Pittsburgh Penguins vs 0 for Anaheim Ducks.
Shots for this period are 6 for Pittsburgh Penguins vs 11 for Anaheim Ducks.
Back to the Top